 Dungeon Crawl Stone Soup version 0.31-a0-237-g2d982f9f85 (webtiles) character file.

Game seed: 9838778909251193815

116 yentook the Cudgeller (level 4, -7/42 HPs)
             Began as a Troll Gladiator on July 12, 2023.
             Mangled by Terence
             ... wielding a +0 hand axe
              (13 damage)
             ... on level 3 of the Dungeon.
             The game lasted 00:13:43 (1769 turns).

yentook the Cudgeller (Troll Gladiator)             Turns: 1769, Time: 00:13:44

Health: -7/42      AC:  7    Str: 24    XL:     4   Next: 70%
Magic:  3/3        EV: 10    Int:  4    God:
Gold:   120        SH:  0    Dex: 11    Spells: 3/3 levels left

rFire   . . .        s - +2 quarterstaff (chaos)
rCold   . . .        (shield currently unavailable)
rNeg    . . .        b - +0 robe
rPois   +            c - +0 hat
rElec   .            r - +2 cloak {rCorr}
rCorr   +            (gloves unavailable)
SInv    .            (boots unavailable)
Will    .....        (no amulet)
Stlth   +            f - ring of poison resistance
HPRegen 1.07/turn    (no ring)
MPRegen 0.08/turn

%: no passive effects
@: no status effects
A: large, unfitting armour, claws 3, regeneration 1, shaggy fur 1, tough skin 1
a: no special abilities


You were on level 3 of the Dungeon.
You visited 1 branch of the dungeon, and saw 3 of its levels.

You collected 120 gold pieces.

Inventory:

Hand Weapons
 a - a +0 flail
 g - a +0 short sword
 h - a +0 whip
 s - a +2 quarterstaff of chaos (weapon)
 t - a +0 hammer
 u - a +2 dagger of flaming
Missiles
 d - 3 throwing nets (quivered)
 e - a large rock
Armour
 b - a +0 robe (worn)
 c - a +0 hat (worn)
 m - a +0 ring mail
 r - a +2 cloak of preservation (worn)
Jewellery
 f - a ring of poison resistance (left claw)
Scrolls
 j - a scroll of vulnerability {unknown}
 n - a scroll of immolation {unknown}
 q - a scroll of blinking {unknown}
Potions
 i - a potion of resistance {unknown}
 k - a potion of might
 l - a potion of attraction {unknown}
 o - a potion of heal wounds {unknown}
 p - a potion of curing {unknown}


   Skills:
 + Level 2.1 Fighting
 + Level 3.9 Maces & Flails
 + Level 1.8 Throwing
 + Level 3.2 Dodging
 + Level 0.1 Stealth


You had 3 spell levels left.
You didn't know any spells.
Your spell library contained the following spells:

 Spells                   Type           Power      Damage    Failure   Level
 Kiss of Death            Conj/Necr      0%         2d5       50%         1
 Confusing Touch          Hex            0%         N/A       86%         3
 Dispel Undead            Necr           0%         3d6       99%         4


Dungeon Overview and Level Annotations

Branches:
Dungeon (3/15)

Altars:
Kikubaaqudgha

Shops:
D:1 (

Annotations:
D:3 Terence


Innate Abilities, Weirdness & Mutations

You are too large for most types of armour.
You have claws for hands.
Your natural rate of healing is unusually fast.
You are covered in fur. (AC +1)
You have tough skin. (AC +1)


Message History

You see here a goblin corpse.
You see here 5 stones.
As you open the door, it creaks loudly!
Terence the Incautious comes into view.
He is wielding a +0 hand axe.
Terence shouts!
There is an open door here.
Terence attacks as you move away! Terence hits you with a +0 hand axe.
Terence drinks a potion.
Terence seems to grow stronger.
You see here a goblin corpse.
There is an open door here.
Terence barely misses you.
You hit Terence but do no damage. Terence closely misses you.
You hit Terence.
Terence seems to speed up.
Terence is moderately wounded.
Terence hits you with a +0 hand axe. x2
You sock Terence!
Terence is severely wounded.
Terence hits you with a +0 hand axe! Terence hits you with a +0 hand axe.
You closely miss Terence.
Terence is severely wounded.
Terence barely misses you. Terence hits you but does no damage.
You barely miss Terence.
Terence is severely wounded.
Terence hits you with a +0 hand axe. Terence hits you but does no damage.
Terence attacks as you move away! Terence misses you.
Terence closely misses you. Terence attacks as you move away!
Terence hits you with a +0 hand axe. Terence barely misses you.
Terence closely misses you. Terence hits you but does no damage.
Terence says, "Did you write a will?
You should..."
Terence hits you with a +0 hand axe. Terence hits you with a +0 hand axe!
You hit Terence but do no damage.
Terence is poisoned.
Terence is severely wounded.
Terence hits you with a +0 hand axe!
* * * LOW HITPOINT WARNING * * *
Terence hits you with a +0 hand axe!
You die...

.......## ##.##.#
........####...#.#
.....†..'........#
........####...#.#
...(...## ##.##.#
#.....## ####.#
##...## #.# ##+##
#@# ###.### #@#
.....# #.#
##.#.###### #.#
##.........# #.#
#.....####.# #.#
......# #.# #.#
..#...####.#####.#
.................#
......####.#######


You could see Terence (fast, strong, very poisoned).

Vanquished Creatures
  Crazy Yiuf (D:3)
  3 adders (D:2)
  2 worms
  An orc (D:3)
  6 ball pythons
  6 endoplasms
  A giant cockroach (D:1)
  2 goblins
  7 jackals
  8 quokkas
  5 bats
  A frilled lizard (D:1)
  3 kobolds (D:1)
  4 rats
50 creatures vanquished.

Notes
Turn   | Place    | Note
-------+----------+-------------------------------------------
     0 | D:1      | yentook the Troll Gladiator began the quest for the Orb.
     0 | D:1      | Reached XP level 1. HP: 19/19 MP: 0/0
   232 | D:1      | Reached XP level 2. HP: 28/28 MP: 1/1
   455 | D:1      | Found Qeomm's Antique Weapon Emporium.
   741 | D:2      | Reached XP level 3. HP: 32/35 MP: 2/2
   804 | D:2      | Found an ancient bone altar of Kikubaaqudgha.
  1123 | D:2      | Reached XP level 4. HP: 42/42 MP: 3/3
  1441 | D:3      | Found a runed translucent door.
  1442 | D:3      | Noticed Crazy Yiuf
  1478 | D:3      | Killed Crazy Yiuf
  1736 | D:3      | Noticed Terence
  1769 | D:3      | Mangled by Terence

Illustrated notes

Levels and vault maps discovered:
D:1:      sevenhm_arrival_forest_fort_large_2, layout_rooms,
          ebering_ecumenical_altar_mist, serial_shops, shop
D:2:      layout_loops_ring, basic_altar
D:3:      layout_loops_corners, dk_noncrumbling_2, uniq_crazy_yiuf_cottage,
          uniq_terence, uniq_jessica

Skill      XL: |  1  2  3 |
---------------+----------+-----
Maces & Flails | 3 |  3.9
Dodging        | 3 |  3.2
Fighting       | 2 |  2.1
Throwing       | |  1.8
Stealth        | |  0.1

Action                     |  1- 3 |  4- 6 || total
---------------------------+-------+-------++-------
  Melee: Flail             |   136 |    29 ||   165
         Punch             |     1 |       ||     1
         Quarterstaff      |       |    22 ||    22
 Armour: Robe              |    84 |    28 ||   112
  Dodge: Dodged            |   116 |    41 ||   157

Table legend: (Time is in decaauts)
 A = Elapsed time spent in this place.
 B = Non-inter-level travel time spent in this place.
 C = Inter-level travel time spent in this place.
 D = Time resting spent in this place.
 E = Time spent auto-exploring this place.
 F = Levels seen in this place.
 G = Mean time per level.
                   A        B        C        D        E       F      G
               +--------+--------+--------+--------+--------+-----+--------+
         Total |   1818 |   1816 |      2 |      0 |      0 |   3 |  606.0 |
       Dungeon |   1818 |   1816 |      2 |      0 |      0 |   3 |  606.0 |
               +--------+--------+--------+--------+--------+-----+--------+

Top non-repeatable levels by time:
     D:2: 778 daAuts
     D:1: 583 daAuts
     D:3: 456 daAuts
